[Event "Titled Tuesday Blitz October 11 Late 2022"]
[White "Milosevic, Milos"]
[Black "Souleidis, Georgios"]
[WhiteFideId "964875"]
[BlackFideId "4206827"]
[WhiteElo "2321"]
[BlackElo "2401"]
[Result "0-1"]
[Round "07"]
[TimeControl "180+1"]
[Date "2022.10.12"]
[WhiteClock "0:00:02"]
[BlackClock "0:00:17"]

1. e4 c6 2. d4 d5 3. Nc3 dxe4 4. Nxe4 Nf6 5. Nxf6+ exf6 6. c3 Bd6 7. Bd3 O-O 8. Qc2 Re8+ 9. Ne2 h5 10. O-O h4 11. h3 Nd7 12. Bd2 Nf8 13. Rae1 Be6 14. f4 b5 15. b3 a6 16. f5 Bd7 17. c4 Nh7 18. Nf4 Ng5 19. Nh5 Qc7 20. c5 Bh2+ 21. Kh1 Rxe1 22. Bxe1 Bg3 23. Bxg3 hxg3 24. Re1 Qa5 25. Re3 Re8 26. Rxe8+ Bxe8 27. Qe2 Kf8 28. Nxg3 Qc3 29. Qe3 Qa1+ 30. Kh2 Qxa2 31. h4 Nh7 32. Be4 Qa5 33. Bf3 Qc7 34. Kh3 Bd7 35. Kg4 g6 36. Qh6+ Kg8 37. Kh3 Nf8 38. Kh2 Bxf5 39. h5 Be6 40. Qe3 a5 41. Qe4 f5 42. Qxc6 Qxc6 43. Bxc6 Bxb3 44. d5 a4 45. hxg6 a3 46. gxf7+ Kxf7 47. Bxb5 a2 48. c6 a1=Q 49. c7 Qa8 50. d6 Ke6 51. Bd3 f4 52. Bf5+ Kxd6 53. c8=Q Qxc8 54. Bxc8 fxg3+ 55. Kxg3 Ke5 56. Kf2 Kf4 57. Bb7 Be6 58. g3+ Kg5 59. Bf3 Ng6 60. Ke3 Ne5 61. Be2 Kf6 62. Kf4 Nf7 63. g4 Ng5 64. Bf3 Bf7 65. Be4 Ne6+ 66. Kg3 Kg5 67. Bf5 Ng7 68. Bc8 Ba2 69. Bf5 Bb3 70. Kf2 Kf4 71. Ke1 Ne8 72. Kd2 Bd5 73. Kc3 Ke5 74. Kd3 Nf6 75. Kc3 Bf7 76. Kb4 Nd5+ 77. Kc5 Ne3 78. Kc6 Bd5+ 79. Kc5 Nc4 80. Bd3 Nd6 81. Bf5 Nb7+ 82. Kb6 Nd6 83. Kc5 Ne8 84. Bd7 Nf6 85. Bf5 Bf7 86. Kc6 Bd5+ 87. Kc5 Ng8 88. Kb5 Ne7 89. Kc5 Nc6 90. Kb6 Kd6 91. Ka6 Kc5 92. Kb7 Ne7+ 93. Kc7 Ng8 94. g5 Bc4 95. g6 Kd5 96. Kd7 Ke5 97. Bb1 Kf6 98. Kd6 Be6 99. Kc5 Ne7 100. Kd6 Nc8+ 101. Kc7 Ke7 102. g7 Nd6 0-1


[Site "https://www.chess.com"]

[Event "Titled Tuesday Blitz October 11 Late 2022"]
[White "Mirzoev, Azer"]
[Black "Rustemov, Alexander"]
[WhiteFideId "13400304"]
[BlackFideId "4119002"]
[WhiteElo "2525"]
[BlackElo "2861"]
[Result "0-1"]
[Round "07"]
[TimeControl "180+1"]
[Date "2022.10.11"]
[WhiteClock "0:00:01"]
[BlackClock "0:00:16"]

1. Nf3 d5 2. c4 c6 3. e3 Nf6 4. Nc3 a6 5. b3 Bf5 6. Bb2 h6 7. d4 e6 8. Bd3 Bxd3 9. Qxd3 Be7 10. O-O O-O 11. h3 Nbd7 12. Rfd1 Re8 13. Rac1 Bb4 14. Qc2 Qe7 15. g3 Rad8 16. Kg2 Bxc3 17. Bxc3 Ne4 18. Be1 f5 19. Ng1 g5 20. Ne2 g4 21. Nf4 Ndf6 22. h4 Qf7 23. a4 Nh5 24. Nd3 Kh7 25. b4 Nd6 26. Ne5 Qe7 27. cxd5 exd5 28. b5 cxb5 29. axb5 Rc8 30. Qb1 Nf6 31. bxa6 bxa6 32. Bb4 Nfe4 33. Bxd6 Nxd6 34. Nxg4 Qe4+ 35. Qxe4 Nxe4 36. Ne5 Rxc1 37. Rxc1 Ra8 38. Rc7+ Kg8 39. Ng6 Nf6 40. Ne7+ Kf8 41. Ng6+ Ke8 42. Rc6 Ne4 43. Nf4 a5 44. Rxh6 Kf7 45. Nxd5 a4 46. Nb4 Rb8 47. Nd3 Ra8 48. Nc1 Rc8 49. Nd3 Ra8 50. Nc1 a3 51. Na2 Nf6 52. g4 fxg4 53. h5 Rb8 54. e4 Nxe4 55. Ra6 Rb2 56. Rxa3 Rxf2+ 57. Kg1 Rd2 58. Nc3 Ng5 0-1


[Site "https://www.chess.com"]

[Event "Titled Tuesday Blitz October 11 Late 2022"]
[White "Nakamura, Hikaru"]
[Black "Hansen, Eric"]
[WhiteFideId "2016192"]
[BlackFideId "2606771"]
[WhiteElo "2909"]
[BlackElo "2568"]
[Result "1/2-1/2"]
[Round "07"]
[TimeControl "180+1"]
[Date "2022.10.11"]
[WhiteClock "0:00:15"]
[BlackClock "0:00:05"]

1. e4 e5 2. Nf3 Nf6 3. Nc3 Nc6 4. d4 exd4 5. Nxd4 Bb4 6. Nxc6 bxc6 7. Bd3 d5 8. exd5 O-O 9. O-O cxd5 10. Bg5 c6 11. Na4 Bd6 12. c3 h6 13. Bh4 Re8 14. Bc2 Ba6 15. Re1 Rxe1+ 16. Qxe1 Bb5 17. f3 a5 18. Qf2 g5 19. Bg3 Bxa4 20. Bxa4 c5 21. Rd1 Bxg3 22. Qxg3 Qb6 23. Qf2 Rd8 24. h4 d4 25. hxg5 hxg5 26. Qd2 Rd5 27. c4 Re5 28. Bc2 Re3 29. Re1 Qe6 30. Kf2 Rxe1 31. Qxe1 Qxc4 32. Bb3 Qd3 33. Qe7 Qd2+ 34. Kf1 Qc1+ 35. Kf2 Qd2+ 36. Kf1 c4 37. Bxc4 Qc1+ 38. Kf2 Qxc4 39. Qxf6 Qc5 40. Ke1 Qc1+ 41. Kf2 Qc5 42. Ke1 Qc1+ 43. Kf2 Qc5 1/2-1/2


[Site "https://www.chess.com"]

[Event "Titled Tuesday Blitz October 11 Late 2022"]
[White "Naroditsky, Daniel"]
[Black "Suleymanli, Aydin"]
[WhiteFideId "2026961"]
[BlackFideId "13413937"]
[WhiteElo "2628"]
[BlackElo "2481"]
[Result "1-0"]
[Round "07"]
[TimeControl "180+1"]
[Date "2022.10.11"]
[WhiteClock "0:00:35"]
[BlackClock "0:00:03"]

1. d4 d5 2. Nc3 Nf6 3. Bf4 a6 4. e3 Bf5 5. Nf3 Nbd7 6. Ne5 c6 7. g4 Nxe5 8. gxf5 Ned7 9. Bd3 Qb6 10. Rb1 g6 11. b4 e6 12. fxe6 fxe6 13. Na4 Qd8 14. Nc5 Ra7 15. Nxe6 Qe7 16. Nc5 Nh5 17. Qg4 Ndf6 18. Qc8+ Kf7 19. Qb8 b5 20. Bd6 Bg7 21. Qb6 Qxd6 22. Qxa7+ Qe7 23. Qxe7+ Kxe7 24. a4 Ra8 25. Ra1 1-0


[Site "https://www.chess.com"]

[Event "Titled Tuesday Blitz October 11 Late 2022"]
[White "Nasuta, Grzegorz"]
[Black "Skatchkov, Valery"]
[WhiteFideId "1141686"]
[BlackFideId "24195812"]
[WhiteElo "2442"]
[BlackElo "2199"]
[Result "0-1"]
[Round "07"]
[TimeControl "180+1"]
[Date "2022.10.11"]
[WhiteClock "0:01:45"]
[BlackClock "0:02:38"]

1. e4 e5 2. Nf3 d5 3. exd5 e4 4. Nd4 Qxd5 5. Nb3 Qe5 6. Be2 Bd6 7. Na3 Be6 8. Nb5 Nf6 9. Nxd6+ Qxd6 10. d3 Nc6 11. dxe4 Qb4+ 12. Bd2 Qxe4 13. O-O O-O-O 14. Bf3 Qc4 15. Qe2 Qxe2 16. Bxe2 Bxb3 0-1


[Site "https://www.chess.com"]

[Event "Titled Tuesday Blitz October 11 Late 2022"]
[White "Ovezdurdyyeva, Jemal"]
[Black "Osmonbekov, Talaibek"]
[WhiteFideId "14001888"]
[BlackFideId "2017253"]
[WhiteElo "1961"]
[BlackElo "2135"]
[Result "1-0"]
[Round "07"]
[TimeControl "180+1"]
[Date "2022.10.12"]
[WhiteClock "0:01:10"]
[BlackClock "0:00:07"]

1. e4 c5 2. Nf3 d6 3. d4 cxd4 4. Nxd4 Nf6 5. Nc3 g6 6. Be2 Bg7 7. Be3 O-O 8. O-O Nc6 9. Qd2 Ng4 10. Nxc6 bxc6 11. Bf4 Qb6 12. Rab1 Be6 13. h3 Ne5 14. Bh6 Nc4 15. Bxc4 Bxc4 16. Bxg7 Kxg7 17. Na4 Qa6 18. Rfe1 Qxa4 19. b3 Bxb3 20. axb3 Qb5 21. c4 Qc5 22. Qc3+ Kg8 23. b4 Qb6 24. e5 dxe5 25. Rxe5 e6 26. Ra5 Rfd8 27. Rba1 Rd7 28. Ra6 Qc7 29. Qf3 Rc8 30. g3 Qb8 31. Rxc6 Rxc6 32. Qxc6 Rc7 33. Qd6 Rb7 34. Qxb8+ Rxb8 35. b5 Rc8 36. Ra4 Kg7 37. Kf1 Kf6 38. f4 h5 39. Ke2 Kf5 40. Kf3 Rc7 41. g4+ hxg4+ 42. hxg4+ Kf6 43. Ke4 Ke7 44. Kd4 Kd6 45. Ra6+ Kd7 46. c5 f6 47. Ra1 Rb7 48. Kc4 Ke7 49. Rh1 Kf8 50. c6 Re7 51. Kc5 e5 52. fxe5 fxe5 53. Kd6 e4 54. Rh8+ Kg7 55. Kxe7 Kxh8 56. c7 e3 57. c8=Q+ Kh7 58. Qc2 1-0


[Site "https://www.chess.com"]

[Event "Titled Tuesday Blitz October 11 Late 2022"]
[White "Owen, Michael"]
[Black "Leschinsky, Gary"]
[WhiteFideId "7104820"]
[BlackFideId "30951321"]
[WhiteElo "1943"]
[BlackElo "1855"]
[Result "0-1"]
[Round "07"]
[TimeControl "180+1"]
[Date "2022.10.12"]
[WhiteClock "0:00:01"]
[BlackClock "0:00:15"]

1. e4 c5 2. Nf3 Nc6 3. d4 cxd4 4. Nxd4 e6 5. Nb3 Nf6 6. Nc3 Bb4 7. Bg5 h6 8. Bd2 d5 9. exd5 exd5 10. a3 Bd6 11. Nb5 Be5 12. Qe2 O-O 13. O-O-O a6 14. Nc3 d4 15. Na4 Bf5 16. f3 Rc8 17. Nac5 Re8 18. Qf2 b6 19. Nd3 Bb8 20. g4 Bh7 21. h4 Nd5 22. g5 h5 23. f4 Ne3 24. Be2 Nxd1 25. Rxd1 Na5 26. Nxa5 bxa5 27. Kb1 Qc7 28. Rc1 Qe7 29. Bxh5 Bxd3 30. cxd3 Rxc1+ 31. Bxc1 Qe1 32. Qxd4 Rc8 33. Qe3 Qh1 34. Bg4 Ba7 35. Qd2 Rc7 36. h5 Bd4 37. h6 g6 38. b3 Qg1 39. Be2 Be3 0-1


[Site "https://www.chess.com"]

[Event "Titled Tuesday Blitz October 11 Late 2022"]
[White "P., Komal Kishore"]
[Black "Mickiewicz, Piotr"]
[WhiteFideId "5016703"]
[BlackFideId "1114891"]
[WhiteElo "2128"]
[BlackElo "2246"]
[Result "0-1"]
[Round "07"]
[TimeControl "180+1"]
[Date "2022.10.12"]
[WhiteClock "0:00:38"]
[BlackClock "0:01:22"]

1. e4 c6 2. Nf3 d5 3. Nc3 e6 4. d4 Nf6 5. Bd3 dxe4 6. Nxe4 Nxe4 7. Bxe4 Nd7 8. c3 Nf6 9. Bc2 Be7 10. O-O O-O 11. Qd3 h6 12. Ne5 c5 13. Ng4 Re8 14. Nxf6+ Bxf6 15. Qh7+ Kf8 16. dxc5 Qc7 17. Be3 Bd7 18. Rad1 Bc6 19. Bd4 Rad8 20. Bxf6 gxf6 21. Rxd8 Rxd8 22. Qxh6+ Ke7 23. b4 Qe5 24. Qe3 Rg8 25. Qxe5 Rxg2+ 26. Kh1 fxe5 27. Bb1 Rxf2+ 28. Kg1 Rg2+ 29. Kh1 Rg3+ 0-1


[Site "https://www.chess.com"]

[Event "Titled Tuesday Blitz October 11 Late 2022"]
[White "Pasti, Aron"]
[Black "Tanenbaum, Zachary"]
[WhiteFideId "785857"]
[BlackFideId "2060850"]
[WhiteElo "2250"]
[BlackElo "2175"]
[Result "0-1"]
[Round "07"]
[TimeControl "180+1"]
[Date "2022.10.11"]
[WhiteClock "0:00:01"]
[BlackClock "0:00:39"]

1. e4 e5 2. Nf3 Nc6 3. Bb5 a6 4. Ba4 d6 5. c3 Nf6 6. d4 b5 7. Bb3 Be7 8. O-O O-O 9. h3 Bb7 10. Re1 h6 11. Nbd2 Re8 12. Nf1 Bf8 13. Ng3 exd4 14. cxd4 Na5 15. Bc2 c5 16. d5 Nc4 17. b3 Ne5 18. Nxe5 dxe5 19. f4 exf4 20. Bxf4 Bd6 21. Qf3 Qc7 22. Bxd6 Qxd6 23. e5 Rxe5 24. Nf5 Qxd5 25. Rxe5 Qxe5 26. Qf1 Qb2 27. Rc1 Rd8 28. Rd1 Re8 0-1


[Site "https://www.chess.com"]

[Event "Titled Tuesday Blitz October 11 Late 2022"]
[White "Pert, Richard G"]
[Black "Riehle, Marco"]
[WhiteFideId "404748"]
[BlackFideId "12904392"]
[WhiteElo "2441"]
[BlackElo "2462"]
[Result "1-0"]
[Round "07"]
[TimeControl "180+1"]
[Date "2022.10.11"]
[WhiteClock "0:00:30"]
[BlackClock "0:01:20"]

1. d4 d5 2. Nf3 Nf6 3. Bf4 e6 4. e3 Bd6 5. Nbd2 O-O 6. Bd3 c5 7. dxc5 Bxf4 8. exf4 Qc7 9. g3 Qxc5 10. O-O b6 11. Nb3 Qc7 12. Qe2 a5 13. Nbd4 Re8 14. c3 Ba6 15. Nb5 Bxb5 16. Bxb5 Nc6 17. Ne5 Nxe5 18. Bxe8 Nc4 19. Bb5 Nd6 20. Bd3 a4 21. Rfe1 h6 22. h4 a3 23. Rac1 axb2 24. Qxb2 Qc5 25. Rb1 Nde4 26. Bxe4 Nxe4 27. Qxb6 Qxc3 28. Rec1 Qd3 29. Qe3 Qxe3 30. fxe3 Rxa2 31. Rb8+ Kh7 32. Rc7 Ra1+ 33. Kg2 Ra2+ 34. Kg1 Kg6 35. g4 h5 36. gxh5+ Kxh5 37. Rxf7 g6 38. Rg7 Re2 39. Rbg8 Rxe3 40. Rxg6 d4 41. Rg2 Re1+ 42. Kh2 Nf6 43. Rh8+ 1-0


[Site "https://www.chess.com"]

[Event "Titled Tuesday Blitz October 11 Late 2022"]
[White "Petrovic, Aleksa"]
[Black "De Souza, Cristiano Gomes"]
[WhiteFideId "967629"]
[BlackFideId "2151758"]
[WhiteElo "2242"]
[BlackElo "2068"]
[Result "1/2-1/2"]
[Round "07"]
[TimeControl "180+1"]
[Date "2022.10.12"]
[WhiteClock "0:00:27"]
[BlackClock "0:00:11"]

1. d4 Nf6 2. c4 g6 3. f3 Bg7 4. e4 d6 5. Nc3 O-O 6. Nge2 Nc6 7. Be3 a6 8. Qd2 Rb8 9. Rc1 Bd7 10. Nd1 e5 11. d5 Ne7 12. g3 Ne8 13. Nf2 f5 14. Bg2 Nf6 15. O-O h5 16. Bh6 Kh7 17. Bxg7 Kxg7 18. c5 Bb5 19. Rfe1 Qd7 20. cxd6 cxd6 21. Nc3 Rbc8 22. b3 a5 23. Nxb5 Qxb5 24. Bf1 Qb6 25. Kg2 fxe4 26. fxe4 Rxc1 27. Rxc1 Neg8 28. Qc3 Qxf2+ 29. Kxf2 Nxe4+ 30. Ke2 Nxc3+ 31. Rxc3 Nf6 32. Bg2 Ng4 33. Rc7+ Kh6 34. Be4 Rf2+ 35. Kd3 Rxh2 36. Rd7 Nf2+ 37. Ke3 Nxe4 38. Kxe4 Rxa2 39. Rxd6 Rb2 40. Rb6 a4 41. d6 axb3 42. Kd3 e4+ 43. Kxe4 Rd2 44. Rxb3 Kg5 45. Rxb7 Rxd6 46. Kf3 Rd3+ 47. Kg2 Kg4 48. Rb4+ Kg5 49. Rb5+ Kh6 50. Rb6 Kg5 51. Rb5+ Kf6 52. Rb6+ Kf5 53. Rb5+ Kf6 54. Rb6+ Kg5 55. Rb5+ 1/2-1/2


[Site "https://www.chess.com"]

[Event "Titled Tuesday Blitz October 11 Late 2022"]
[White "Poliakova, Varvara"]
[Black "Dzierzak, Radoslaw"]
[WhiteFideId "13518313"]
[BlackFideId "1161407"]
[WhiteElo "1938"]
[BlackElo "2111"]
[Result "0-1"]
[Round "07"]
[TimeControl "180+1"]
[Date "2022.10.12"]
[WhiteClock "0:00:10"]
[BlackClock "0:00:01"]

1. e4 c5 2. Nf3 Nc6 3. d4 cxd4 4. Nxd4 e6 5. Nc3 Qc7 6. Qd3 Nxd4 7. Qxd4 a6 8. Be3 b5 9. a3 Bb7 10. Be2 Rc8 11. Qb6 Qxb6 12. Bxb6 Nf6 13. f3 d5 14. exd5 Nxd5 15. Nxd5 Bxd5 16. c3 Be7 17. Bd4 O-O 18. Kf2 Bb3 19. Bd1 Bxd1 20. Rhxd1 f6 21. Rd2 Kf7 22. Rad1 e5 23. Bb6 Rc6 24. Be3 Ke6 25. Rd7 Rd6 26. R1xd6+ Bxd6 27. Rxg7 Rf7 28. Rxf7 Kxf7 29. g4 Ke6 30. Ba7 a5 31. Ke3 Kd5 32. Kd3 a4 33. h4 Bf8 34. Be3 Be7 35. Bh6 Bd8 36. Bg7 Be7 37. h5 Bd8 38. Bf8 Bb6 39. Be7 Ke6 40. Bb4 Kd5 41. Bf8 Bd8 42. Bh6 Bb6 43. Bd2 Bc5 44. Be1 Bb6 45. Bh4 Bd8 46. Bf2 Bc7 47. Be3 Bd8 48. f4 e4+ 49. Kc2 Kc4 50. g5 fxg5 51. fxg5 Kd5 52. g6 hxg6 53. hxg6 Ke6 54. Bd4 Bg5 55. g7 Kf7 56. Kd1 Bh6 57. Ke2 Bc1 58. c4 bxc4 59. Kd1 Bh6 60. Ke2 Bc1 61. Bc3 Kg8 62. Kf2 Kf7 63. Kg3 Kg8 64. Kg4 Kf7 65. Kf5 e3 66. Ke4 e2 67. Kf3 Bxb2 68. Be1 Bxg7 69. Kxe2 Bb2 70. Kd2 Bxa3 71. Kc2 Ke6 72. Bf2 Kd5 73. Bh4 Bc5 74. Bf6 Bd4 75. Bg5 a3 76. Kb1 Bc5 77. Bf6 Ke4 78. Kc2 Bd4 0-1


[Site "https://www.chess.com"]

[Event "Titled Tuesday Blitz October 11 Late 2022"]
[White "Potula, Kapish"]
[Black "Roberson, Peter T"]
[WhiteFideId "30903270"]
[BlackFideId "412384"]
[WhiteElo "1999"]
[BlackElo "2346"]
[Result "0-1"]
[Round "07"]
[TimeControl "180+1"]
[Date "2022.10.12"]
[WhiteClock "0:00:17"]
[BlackClock "0:02:30"]

1. d4 d6 2. e4 Nf6 3. Nc3 c6 4. Bc4 d5 5. exd5 cxd5 6. Bd3 Nc6 7. Nge2 Bg4 8. h3 Bh5 9. g4 Bg6 10. Bf4 e6 11. a3 Bd6 12. Qd2 a6 13. O-O-O b5 14. Bg3 b4 15. axb4 Bxb4 16. f4 Qa5 17. f5 Qa1+ 18. Nb1 Bxd2+ 19. Kxd2 exf5 20. gxf5 Bh5 21. Nf4 Bxd1 0-1


[Site "https://www.chess.com"]

[Event "Titled Tuesday Blitz October 11 Late 2022"]
[White "Prydun, Andriy"]
[Black "Izuzquiza Gonzalez, Javier"]
[WhiteFideId "14145898"]
[BlackFideId "3101029"]
[WhiteElo "2163"]
[BlackElo "2034"]
[Result "1-0"]
[Round "07"]
[TimeControl "180+1"]
[Date "2022.10.12"]
[WhiteClock "0:01:30"]
[BlackClock "0:00:11"]

1. e4 c5 2. Nf3 e6 3. g3 d6 4. Bg2 g6 5. O-O Bg7 6. d3 Ne7 7. c4 Nbc6 8. Nc3 O-O 9. Be3 b6 10. d4 cxd4 11. Nxd4 Bb7 12. Ndb5 Nc8 13. Qe2 a6 14. Na3 Qc7 15. Rac1 Nd4 16. Qd3 e5 17. Nd5 Bxd5 18. cxd5 Qd7 19. Nc2 Nxc2 20. Rxc2 b5 21. Rfc1 b4 22. Rc7 Qa4 23. Qb3 Qa5 24. R1c6 Rd8 25. Bh3 f5 26. exf5 Ne7 27. Rxe7 1-0


[Site "https://www.chess.com"]

[Event "Titled Tuesday Blitz October 11 Late 2022"]
[White "Przybylski, Wojciech"]
[Black "miragha_yev"]
[WhiteFideId "1117599"]
[WhiteElo "2492"]
[BlackElo "2749"]
[Result "0-1"]
[Round "07"]
[TimeControl "180+1"]
[Date "2022.10.12"]
[WhiteClock "0:00:01"]
[BlackClock "0:00:26"]

1. e4 c5 2. Nf3 d6 3. Bb5+ Bd7 4. a4 a6 5. Bc4 Nc6 6. c3 Nf6 7. d3 g6 8. O-O Bg7 9. h3 O-O 10. Re1 Rb8 11. d4 cxd4 12. Nxd4 Nxd4 13. Qxd4 Bc6 14. Qd3 Nxe4 15. Rxe4 d5 16. Bxd5 Bxd5 17. Re1 Bc6 18. Qxd8 Rbxd8 19. Bg5 Rfe8 20. Nd2 h6 21. Be3 e5 22. Nc4 f5 23. Bb6 Rd3 24. Na5 Re6 25. Be3 Kf7 26. Nxc6 Rxc6 27. f4 e4 28. Kf2 Ke6 29. Rad1 Rcd6 30. Rxd3 Rxd3 31. g4 Bf6 32. Ke2 h5 33. gxh5 gxh5 34. Rg1 Kf7 35. Ra1 Be7 36. a5 Bf6 37. Ra3 Rd5 38. Rb3 Rb5 39. Rxb5 axb5 40. Kd2 Ke7 41. Kc2 Kd6 42. Kb3 Kc6 43. Kb4 Be7+ 44. Kb3 Bc5 45. Bd2 Bf2 46. Kc2 e3 47. Bxe3 Bxe3 0-1


[Site "https://www.chess.com"]

[Event "Titled Tuesday Blitz October 11 Late 2022"]
[White "Remolar Gallen, Jose"]
[Black "Machidon, Cristi"]
[WhiteFideId "2215187"]
[BlackFideId "13904590"]
[WhiteElo "2214"]
[BlackElo "2312"]
[Result "0-1"]
[Round "07"]
[TimeControl "180+1"]
[Date "2022.10.12"]
[WhiteClock "0:00:08"]
[BlackClock "0:00:22"]

1. e4 c6 2. d4 d5 3. e5 Bf5 4. g4 Be4 5. f3 Bg6 6. Ne2 e6 7. h4 h5 8. Nf4 Bh7 9. g5 Bf5 10. Nc3 c5 11. Nce2 Nc6 12. c3 Qb6 13. Bh3 Nge7 14. g6 Bxg6 15. Be3 cxd4 16. cxd4 Bf5 17. Bf1 Nxe5 18. Qa4+ N5c6 19. Kf2 Qb4 20. Qd1 Nc8 21. Rc1 Bd6 22. Nd3 Qa5 23. b3 N8e7 24. Ng3 Bg6 25. Nc5 Rb8 26. Be2 Bxg3+ 27. Kxg3 Nf5+ 28. Kf2 Nxe3 29. Kxe3 Ne7 30. a4 Nf5+ 31. Kf2 O-O 32. Rg1 Rfc8 33. Nxe6 Rxc1 34. Qxc1 Qb6 35. Nc5 Nxd4 36. b4 Nxe2 37. Kxe2 Re8+ 38. Kf2 Qxb4 39. Re1 Qxh4+ 40. Kf1 Rxe1+ 41. Qxe1 Qc4+ 42. Kg2 Qxc5 43. Qe8+ Kh7 44. Qe3 Qxe3 0-1


[Site "https://www.chess.com"]

[Event "Titled Tuesday Blitz October 11 Late 2022"]
[White "Rose, Felix"]
[Black "Sarkar, Justin"]
[WhiteFideId "5105722"]
[BlackFideId "2010011"]
[WhiteElo "2039"]
[BlackElo "2250"]
[Result "1-0"]
[Round "07"]
[TimeControl "180+1"]
[Date "2022.10.12"]
[WhiteClock "0:00:18"]
[BlackClock "0:00:02"]

1. e4 e5 2. Nf3 Nc6 3. Bb5 a6 4. Ba4 Be7 5. O-O b5 6. Bb3 Nf6 7. Re1 d6 8. c3 O-O 9. h3 Nb8 10. d4 Nbd7 11. Nbd2 Bb7 12. Bc2 Re8 13. Nf1 Bf8 14. Ng3 g6 15. a4 c5 16. d5 c4 17. Bg5 h6 18. Be3 Nc5 19. Qd2 h5 20. axb5 axb5 21. Bxc5 dxc5 22. Rxa8 Qxa8 23. Qg5 Nh7 24. Qc1 Bd6 25. Nf1 Qa5 26. Ne3 Ra8 27. g4 hxg4 28. hxg4 Qd8 29. Kg2 Ng5 30. Nf1 Nxf3 31. Kxf3 Kg7 32. Ng3 Qf6+ 33. Kg2 Rh8 34. g5 Qf4 35. Qxf4 exf4 36. Ne2 Rh5 37. Kf3 Rxg5 38. Nxf4 Be5 39. Ne2 f5 40. Rg1 fxe4+ 41. Kxe4 1-0


[Site "https://www.chess.com"]

[Event "Titled Tuesday Blitz October 11 Late 2022"]
[White "Rubio Tent, Francisco"]
[Black "Rosen, Eric"]
[WhiteFideId "2238233"]
[BlackFideId "2032562"]
[WhiteElo "2211"]
[BlackElo "2362"]
[Result "0-1"]
[Round "07"]
[TimeControl "180+1"]
[Date "2022.10.12"]
[WhiteClock "0:00:01"]
[BlackClock "0:00:08"]

1. e4 e5 2. Nf3 Nf6 3. Nxe5 Nc6 4. Nxc6 dxc6 5. Nc3 Bc5 6. h3 h5 7. d3 Be6 8. Bg5 Bd4 9. Qd2 Qd6 10. Be3 O-O-O 11. O-O-O Kb8 12. f4 Qc5 13. Bxd4 Rxd4 14. e5 Nd5 15. Nxd5 Qxd5 16. b3 g5 17. fxg5 Qxe5 18. Kb1 h4 19. Be2 Rg8 20. Bf3 Rxg5 21. Rde1 Qg7 22. Bg4 Bxg4 23. hxg4 a5 24. Rxh4 Rd8 25. Rh7 Qg6 26. Rxf7 Rxg4 27. Rf2 b6 28. a4 Kb7 29. Qe2 Rg5 30. Qd2 Rgd5 31. Ree2 Qg7 32. Qe3 R5d7 33. Qe5 Qh7 34. Qe4 Qh1+ 35. Re1 Qh8 36. Qe5 Qg8 37. Qe6 Qh7 38. Qe4 Qg7 39. g4 Rd4 40. Qe5 Qxg4 41. Rfe2 Qd7 42. Qe6 Rd6 43. Qxd7 R8xd7 44. Kb2 c5 45. Re3 Kc6 46. Re4 Rg7 47. Rc4 Rg5 48. Rce4 Rgd5 49. Re7 Rd7 50. R1e2 R5d6 51. Rxd7 Kxd7 52. Kc3 Rd4 53. Rh2 Kc6 54. Rh6+ Kb7 55. Rg6 Rf4 56. Rh6 Kc8 57. Rh7 Rg4 58. Kb2 Kb7 59. Kc3 Rf4 60. Rh6 Rf7 61. Rh1 Rg7 62. Re1 Rh7 63. Re4 Rd7 64. Rh4 Rd6 65. Rg4 Kc6 66. Rh4 Rg6 67. Rf4 Rh6 68. Rg4 Rf6 69. Rh4 Kd6 70. Rg4 Re6 71. Rh4 Rg6 72. Rf4 Kd7 73. Rh4 Kc8 74. Rf4 Kb7 75. Rh4 Rd6 76. Rg4 Rd7 77. Rh4 Rg7 78. Rf4 c6 79. Rf6 Rd7 80. Rh6 Rg7 81. Rf6 Rd7 82. Re6 Rc7 83. Rd6 Rg7 84. Re6 Kc7 85. Rh6 Rd7 86. Rg6 Rf7 87. Rh6 Rd7 88. Rg6 Re7 89. Rh6 Kb7 90. Rg6 Rc7 91. Rh6 Rd7 92. Rg6 Rf7 93. Rh6 Kc7 94. Rg6 Rd7 95. Rh6 Rd6 96. Rh7+ Rd7 97. Rh6 Rg7 98. Rf6 Kd7 99. Rh6 Re7 100. Rg6 Re6 101. Rg7+ Kc8 102. Rf7 Rd6 103. Kd2 Kb8 104. Ke3 Kc8 105. Kd2 Rh6 106. Kc3 Rh2 107. Ra7 Kb8 108. Rg7 Rh6 109. Rg8+ Kb7 110. Rg7+ Ka6 111. Rf7 Rd6 112. Rc7 Re6 113. Kd2 Rf6 114. Ke3 Rh6 115. Kd2 Rh2+ 116. Kc3 Rh6 117. Kb2 Rg6 118. Kc1 Rf6 119. Kb2 Re6 120. Kc3 Rd6 121. Kb2 Rh6 122. Kc1 Rg6 123. Kd1 b5 124. axb5+ Kxb5 125. Rb7+ Ka6 126. Rb8 Rg7 127. Rc8 Kb7 128. Rh8 Kb6 129. Rh4 Kb5 130. Rc4 Rg1+ 131. Kd2 Ra1 132. Kc3 Rh1 133. Rg4 Ra1 134. Rg8 Rg1 135. Rb8+ Ka6 136. Kc4 Rg5 137. Rc8 Kb7 138. Rd8 Kb6 139. Rb8+ Kc7 140. Rh8 Kb6 141. Rh7 Rg4+ 142. Kc3 a4 143. bxa4 Rxa4 144. Rh5 Ra3+ 145. Kd2 Ra1 146. Rg5 Rh1 147. Rf5 Rh4 148. Kc3 Kb5 149. Rg5 Ra4 150. Kd2 Rh4 151. Rf5 Kb4 152. Rf8 c4 153. Rb8+ Kc5 154. dxc4 Kxc4 155. Rc8 c5 156. Rg8 Rh2+ 157. Kc1 Rh4 158. Rg3 Rf4 159. Kb2 Kb4 160. Rd3 c4 161. Re3 Rf1 162. Rg3 Rf4 163. Rh3 Rf5 164. Rg3 Rh5 165. Rf3 Rb5 166. Rg3 Rb6 167. Rh3 Rb7 168. Rg3 Rd7 169. Rh3 Rg7 170. Rf3 Re7 171. Rh3 Rf7 172. Rg3 Rb7 173. Rh3 Ra7 174. Rg3 Kc5 175. Rh3 Kb4 176. Rg3 Ra8 177. Rh3 Kc5 178. Rg3 Kb4 179. Rh3 Ra6 180. Rg3 Kc5 181. Rh3 Kb4 182. Rg3 Rh6 183. Rf3 Rh1 184. Rg3 Rf1 185. Rf3 Rxf3 186. c3+ Rxc3 0-1


[Site "https://www.chess.com"]

[Event "Titled Tuesday Blitz October 11 Late 2022"]
[White "Sailer, Mike"]
[Black "Le Goff, Ronan"]
[WhiteFideId "2012901"]
[BlackFideId "612073"]
[WhiteElo "2109"]
[BlackElo "2276"]
[Result "0-1"]
[Round "07"]
[TimeControl "180+1"]
[Date "2022.10.12"]
[WhiteClock "0:00:00"]
[BlackClock "0:00:18"]

1. d4 Nf6 2. Bf4 e6 3. Nc3 a6 4. e4 d5 5. e5 Nfd7 6. Nf3 c5 7. Qd2 Nc6 8. dxc5 Bxc5 9. Bd3 b5 10. a3 b4 11. axb4 Nxb4 12. O-O Nxd3 13. Qxd3 a5 14. Rfe1 Ba6 15. Qd2 Rb8 16. Na4 Be7 17. Nd4 Qc7 18. c3 O-O 19. Re3 Nc5 20. Nxc5 Bxc5 21. Rg3 Rfc8 22. Bh6 g6 23. h4 Bxd4 24. Qxd4 Qc4 25. Rxa5 Qf1+ 26. Kh2 Rc4 27. Qa7 Rxh4+ 28. Rh3 Rxh3+ 29. Kxh3 Re8 30. Qxa6 Qh1+ 31. Kg3 Qxh6 32. Qc6 Qg5+ 33. Kh2 Qf4+ 34. Kg1 Rf8 35. Ra8 Qxe5 36. Rxf8+ Kxf8 37. b4 Qe1+ 38. Kh2 Qxf2 39. b5 Qh4+ 40. Kg1 Qe1+ 41. Kh2 Qe5+ 42. Kg1 Qe3+ 43. Kh2 g5 44. b6 g4 45. Qd6+ Kg7 46. b7 e5 47. b8=Q Qf4+ 0-1


[Site "https://www.chess.com"]

[Event "Titled Tuesday Blitz October 11 Late 2022"]
[White "Salman, Pavel"]
[Black "Sibilio, Mario"]
[WhiteFideId "24153753"]
[BlackFideId "800422"]
[WhiteElo "2187"]
[BlackElo "2296"]
[Result "0-1"]
[Round "07"]
[TimeControl "180+1"]
[Date "2022.10.12"]
[WhiteClock "0:00:03"]
[BlackClock "0:00:05"]

1. Nf3 Nf6 2. g3 b6 3. Bg2 Bb7 4. O-O g6 5. d3 Bg7 6. e4 O-O 7. e5 Ne8 8. Bf4 c5 9. Nc3 Nc6 10. Re1 Nc7 11. Qd2 Re8 12. Bh6 Bh8 13. Qg5 Ne6 14. Qh4 Qb8 15. Bf4 Ncd4 16. Ne4 Nxf3+ 17. Bxf3 Bxe5 18. Bxe5 Qxe5 19. Bg4 Qg7 20. Bxe6 dxe6 21. c3 e5 22. Re3 f6 23. Rae1 Rad8 24. g4 h6 25. Rh3 Rd7 26. Qxh6 Qxh6 27. Rxh6 Kg7 28. Rh3 Red8 29. Ree3 c4 30. dxc4 Rd1+ 31. Kg2 f5 32. gxf5 gxf5 33. Kf3 fxe4+ 34. Kg4 Rf8 35. Rhg3 Rf4+ 36. Kh5+ Kf6 37. Rg6+ Kf7 38. Reg3 Rh1 39. Rg7+ Ke8 40. h3 Rxf2 41. Rg8+ Kd7 42. R3g7 Rf3 43. h4 Rf4 44. Kg5 Rg1+ 45. Kh5 Rxg7 46. Rxg7 e3 47. Rg3 e2 48. Re3 Re4 49. Rd3+ Ke6 50. Kg5 e1=Q 51. h5 Qh4+ 52. Kh6 Qf6+ 53. Kh7 Rh4 54. Kg8 Rxh5 55. Rh3 Qh8# 0-1


[Site "https://www.chess.com"]